[ AOE2 MATCH · #495836305 ]
UnrankedKoreans vs Sicilians
Player's team · LOSS
Rival team · WIN
[ REPLAY ANALYSIS · EXTRACTED FROM THE RECORDED GAME ]
Feudal
10:28
Castle
21:20
Imperial
—
| APM avg | 60.2 |
| APM peak | 115 |
| eAPM avg | 35.7 |
| Villagers / military | 232 / 157 |
Focus
⚔️ 38.5% · 🌾 61.5%
Spearman ×101 · Skirmisher ×15 · Monk ×11 · Fire Lancer ×7 · Archer ×6 · Battering Ram ×6
Feudal
8:44
Castle
22:40
Imperial
40:59
| APM avg | 48.1 |
| APM peak | 84 |
| eAPM avg | 22.2 |
| Villagers / military | 145 / 95 |
Focus
⚔️ 26.1% · 🌾 73.9%
Knight ×57 · Skirmisher ×8 · Archer ×6 · Scout Cavalry ×6 · Monk ×5 · Trebuchet (Packed) ×5
Match map
Initial resources + every placement click. Lines = walls · curves = elevation contours. ◆ gold · ⬟ stone · ● berries · ✦ relic · ◌ wall gap
Your base· ✓ Closed at 21:20 · 28t walls · no gate
se7e's base· Open — opponent sealed themselves in
Smoothed initial terrain · ◌ = detected wall gap · hover for details
Inputs per minute
— Baldeitus - - se7e
Build order — Baldeitus
First 150 of 531 actions detected
| 0:00 | Create | Villager (Male) |
| 0:00 | Create | Villager (Male) |
| 0:01 | Build | House |
| 0:02 | Build | House |
| 0:06 | Create | Villager (Male) |
| 0:06 | Create | Villager (Male) |
| 0:07 | Create | Villager (Male) |
| 1:25 | Create | Villager (Male) |
| 1:25 | Create | Villager (Male) |
| 1:47 | Build | Lumber Camp |
| 1:55 | Create | Villager (Male) |
| 2:12 | Create | Villager (Male) |
| 2:43 | Create | Villager (Male) |
| 2:58 | Create | Villager (Male) |
| 3:29 | Create | Villager (Male) |
| 3:29 | Create | Villager (Male) |
| 3:51 | Build | House |
| 3:53 | Build | House |
| 3:53 | Create | Villager (Male) |
| 4:18 | Create | Villager (Male) |
| 4:32 | Create | Villager (Male) |
| 5:05 | Build | Barracks |
| 5:14 | Create | Villager (Male) |
| 5:14 | Create | Villager (Male) |
| 5:28 | Build | House |
| 6:01 | Create | Militia |
| 6:02 | Create | Militia |
| 6:11 | Create | Villager (Male) |
| 6:36 | Create | Villager (Male) |
| 6:50 | Build | Mill |
| 6:55 | Create | Villager (Male) |
| 6:59 | Research | Loom |
| 6:59 | Research | Loom |
| 7:30 | Create | Villager (Male) |
| 7:33 | Build | Farm |
| 7:46 | Build | Farm |
| 8:18 | Research | Feudal Age |
| 8:45 | Create | Militia |
| 8:51 | Build | Mining Camp |
| 9:01 | Create | Militia |
| 9:25 | Build | Farm |
| 9:29 | Create | Militia |
| 9:47 | Build | Farm |
| 9:49 | Build | Farm |
| 9:59 | Build | House |
| 10:12 | Build | Farm |
| 10:28 | Age | Feudal Age |
| 10:33 | Research | Man-at-Arms (upgrade) |
| 10:33 | Research | Man-at-Arms (upgrade) |
| 10:34 | Create | Villager (Male) |
| 10:57 | Create | Spearman |
| 11:01 | Create | Villager (Male) |
| 11:02 | Create | Villager (Male) |
| 11:02 | Create | Villager (Male) |
| 11:11 | Create | Villager (Male) |
| 11:17 | Build | Archery Range |
| 11:22 | Research | Double-Bit Axe |
| 11:25 | Create | Villager (Male) |
| 11:36 | Create | Villager (Male) |
| 11:40 | Create | Spearman |
| 11:48 | Create | Villager (Male) |
| 11:55 | Create | Spearman |
| 12:01 | Build | Farm |
| 12:10 | Create | Archer |
| 12:11 | Create | Archer |
| 12:13 | Create | Villager (Male) |
| 12:13 | Create | Villager (Male) |
| 12:22 | Create | Villager (Male) |
| 12:22 | Create | Villager (Male) |
| 12:25 | Build | Farm |
| 12:52 | Create | Villager (Male) |
| 12:54 | Create | Archer |
| 12:55 | Create | Villager (Male) |
| 12:58 | Build | House |
| 12:59 | Build | House |
| 13:00 | Build | Palisade Wall |
| 13:19 | Create | Spearman |
| 13:19 | Create | Villager (Male) |
| 13:26 | Build | Farm |
| 13:28 | Build | Farm |
| 13:44 | Create | Archer |
| 13:45 | Create | Archer |
| 13:45 | Create | Archer |
| 13:47 | Create | Villager (Male) |
| 13:48 | Create | Villager (Male) |
| 13:51 | Build | House |
| 14:05 | Create | Villager (Male) |
| 14:25 | Build | Blacksmith |
| 14:42 | Build | Farm |
| 14:43 | Create | Villager (Male) |
| 15:07 | Build | Palisade Wall |
| 15:18 | Create | Villager (Male) |
| 15:35 | Create | Villager (Male) |
| 15:35 | Create | Villager (Male) |
| 15:35 | Create | Villager (Male) |
| 15:37 | Create | Spearman |
| 15:53 | Build | Farm |
| 16:02 | Create | Spearman |
| 16:09 | Create | Villager (Male) |
| 16:30 | Build | Farm |
| 16:37 | Build | Market |
| 16:45 | Build | House |
| 16:47 | Build | Palisade Wall |
| 16:53 | Create | Villager (Male) |
| 16:57 | Build | Farm |
| 17:01 | Build | House |
| 17:03 | Build | Palisade Wall |
| 17:06 | Create | Villager (Male) |
| 17:12 | Build | Palisade Wall |
| 17:14 | Build | Palisade Wall |
| 17:22 | Research | Fletching |
| 17:27 | Create | Skirmisher |
| 17:27 | Create | Skirmisher |
| 17:27 | Create | Skirmisher |
| 17:28 | Create | Villager (Male) |
| 17:35 | Create | Villager (Male) |
| 17:46 | Build | House |
| 17:50 | Create | Skirmisher |
| 18:05 | Create | Villager (Male) |
| 18:07 | Create | Villager (Male) |
| 18:14 | Build | House |
| 18:15 | Build | House |
| 18:28 | Create | Villager (Male) |
| 18:40 | Research | Castle Age |
| 18:40 | Research | Castle Age |
| 18:41 | Create | Skirmisher |
| 18:44 | Create | Villager (Male) |
| 18:45 | Build | Farm |
| 19:06 | Create | Skirmisher |
| 19:07 | Create | Villager (Male) |
| 19:09 | Build | Farm |
| 19:21 | Create | Villager (Male) |
| 19:32 | Create | Skirmisher |
| 19:40 | Create | Villager (Male) |
| 20:03 | Build | Stable |
| 20:26 | Create | Skirmisher |
| 20:26 | Create | Villager (Male) |
| 20:50 | Create | Villager (Male) |
| 20:51 | Create | Scout Cavalry |
| 21:01 | Create | Villager (Male) |
| 21:14 | Create | Skirmisher |
| 21:20 | Age | Castle Age |
| 21:26 | Create | Knight |
| 21:27 | Create | Villager (Male) |
| 21:30 | Research | Bodkin Arrow |
| 21:30 | Research | Bodkin Arrow |
| 21:30 | Create | Villager (Male) |
| 21:39 | Create | Skirmisher |
| 21:43 | Build | House |
| 21:51 | Create | Skirmisher |
Build order — se7e
First 150 of 416 actions detected
| 0:03 | Build | House |
| 0:04 | Build | House |
| 0:08 | Create | Villager (Male) |
| 0:08 | Create | Villager (Male) |
| 0:09 | Create | Villager (Male) |
| 0:35 | Create | Villager (Male) |
| 0:35 | Create | Villager (Male) |
| 1:30 | Create | Villager (Male) |
| 1:30 | Create | Villager (Male) |
| 2:10 | Create | Villager (Male) |
| 2:10 | Create | Villager (Male) |
| 2:32 | Create | Villager (Male) |
| 2:42 | Build | House |
| 2:55 | Create | Villager (Male) |
| 3:14 | Build | Lumber Camp |
| 3:21 | Create | Villager (Male) |
| 3:22 | Create | Villager (Male) |
| 3:38 | Create | Villager (Male) |
| 3:38 | Create | Villager (Male) |
| 4:13 | Create | Villager (Male) |
| 4:13 | Create | Villager (Male) |
| 4:32 | Create | Villager (Male) |
| 4:32 | Create | Villager (Male) |
| 5:25 | Build | Mill |
| 5:26 | Create | Villager (Male) |
| 5:51 | Research | Loom |
| 5:51 | Research | Loom |
| 6:34 | Research | Feudal Age |
| 7:41 | Build | Donjon |
| 7:48 | Build | House |
| 8:21 | Create | Villager (Male) |
| 8:44 | Age | Feudal Age |
| 8:51 | Build | Stable |
| 9:01 | Create | Villager (Male) |
| 9:11 | Build | House |
| 9:26 | Research | Double-Bit Axe |
| 9:27 | Create | Scout Cavalry |
| 9:27 | Create | Scout Cavalry |
| 9:32 | Create | Villager (Male) |
| 9:32 | Create | Villager (Male) |
| 9:52 | Create | Villager (Male) |
| 9:52 | Create | Villager (Male) |
| 9:58 | Build | Farm |
| 10:27 | Build | Farm |
| 10:28 | Build | Farm |
| 10:55 | Create | Scout Cavalry |
| 11:08 | Build | Farm |
| 11:08 | Build | Farm |
| 11:14 | Build | House |
| 11:22 | Build | Farm |
| 11:24 | Create | Villager (Male) |
| 11:25 | Create | Villager (Male) |
| 11:41 | Build | Farm |
| 11:44 | Create | Villager (Male) |
| 11:46 | Build | Farm |
| 12:05 | Create | Villager (Male) |
| 12:08 | Build | Farm |
| 12:17 | Build | House |
| 12:17 | Build | House |
| 12:26 | Create | Scout Cavalry |
| 12:48 | Create | Villager (Male) |
| 12:52 | Create | Scout Cavalry |
| 12:52 | Create | Villager (Male) |
| 12:58 | Build | Mining Camp |
| 13:06 | Create | Villager (Male) |
| 13:19 | Build | Archery Range |
| 13:26 | Build | House |
| 13:30 | Create | Villager (Male) |
| 13:39 | Create | Scout Cavalry |
| 13:52 | Build | Blacksmith |
| 14:07 | Create | Archer |
| 14:08 | Create | Skirmisher |
| 14:17 | Create | Villager (Male) |
| 14:26 | Build | House |
| 14:29 | Build | Palisade Wall |
| 14:40 | Create | Skirmisher |
| 14:40 | Create | Skirmisher |
| 14:55 | Build | Farm |
| 15:09 | Build | Farm |
| 15:10 | Research | Fletching |
| 15:10 | Research | Fletching |
| 15:11 | Create | Skirmisher |
| 15:30 | Create | Villager (Male) |
| 15:31 | Create | Villager (Male) |
| 15:41 | Build | Farm |
| 15:42 | Build | Farm |
| 15:48 | Create | Villager (Male) |
| 16:02 | Create | Skirmisher |
| 16:03 | Create | Villager (Male) |
| 16:29 | Create | Skirmisher |
| 16:30 | Create | Villager (Male) |
| 16:34 | Build | Farm |
| 16:48 | Build | House |
| 16:54 | Build | Lumber Camp |
| 17:01 | Research | Padded Archer Armor |
| 17:01 | Research | Padded Archer Armor |
| 17:01 | Create | Villager (Male) |
| 17:30 | Create | Skirmisher |
| 17:31 | Create | Villager (Male) |
| 17:38 | Build | Farm |
| 17:58 | Create | Villager (Male) |
| 18:01 | Create | Skirmisher |
| 18:04 | Create | Villager (Male) |
| 18:06 | Build | Farm |
| 18:07 | Build | Farm |
| 18:22 | Build | Farm |
| 18:39 | Create | Archer |
| 19:01 | Create | Villager (Male) |
| 19:11 | Create | Archer |
| 19:15 | Build | Farm |
| 19:39 | Create | Archer |
| 19:45 | Build | Stable |
| 19:47 | Build | Farm |
| 20:00 | Research | Castle Age |
| 20:01 | Research | Castle Age |
| 20:23 | Build | Farm |
| 20:24 | Build | Farm |
| 20:25 | Build | Farm |
| 20:40 | Research | Bloodlines |
| 20:41 | Research | Bloodlines |
| 20:43 | Build | Farm |
| 20:57 | Research | Scale Barding Armor |
| 20:57 | Research | Scale Barding Armor |
| 21:04 | Build | Farm |
| 21:33 | Build | Farm |
| 21:50 | Create | Archer |
| 22:00 | Research | Gold Mining |
| 22:02 | Research | Horse Collar |
| 22:05 | Build | Farm |
| 22:11 | Build | House |
| 22:14 | Build | House |
| 22:27 | Create | Archer |
| 22:36 | Create | Villager (Male) |
| 22:40 | Age | Castle Age |
| 22:44 | Create | Knight |
| 22:44 | Create | Knight |
| 22:49 | Research | Bow Saw |
| 22:49 | Research | Bow Saw |
| 22:50 | Create | Villager (Male) |
| 23:11 | Create | Knight |
| 23:11 | Create | Knight |
| 23:12 | Create | Villager (Male) |
| 23:39 | Create | Knight |
| 23:39 | Create | Knight |
| 23:39 | Create | Knight |
| 23:51 | Build | Monastery |
| 24:05 | Create | Knight |
| 24:06 | Create | Knight |
| 24:06 | Create | Villager (Male) |
| 24:15 | Create | Villager (Male) |
Match timeline
| 5:05 | Baldeitus · first_building Barracks |
| 7:41 | se7e · first_building Donjon |
| 8:44 | se7e · age_up feudal |
| 8:51 | se7e · first_building Stable |
| 10:28 | Baldeitus · age_up feudal |
| 11:17 | Baldeitus · first_building Archery Range |
| 13:00 | Baldeitus · wall_segment Palisade Wall x3 |
| 13:19 | se7e · first_building Archery Range |
| 14:29 | se7e · wall_segment Palisade Wall x4 |
| 15:07 | Baldeitus · wall_segment Palisade Wall x1 |
| 16:47 | Baldeitus · wall_segment Palisade Wall x8 |
| 17:03 | Baldeitus · wall_segment Palisade Wall x11 |
| 17:12 | Baldeitus · wall_segment Palisade Wall x1 |
| 17:14 | Baldeitus · wall_segment Palisade Wall x4 |
| 17:57 | Baldeitus · first_market_buy 100 food |
| 20:03 | Baldeitus · first_building Stable |
| 21:20 | Baldeitus · age_up castle |
| 22:40 | se7e · age_up castle |
| 23:51 | se7e · first_building Monastery |
| 24:14 | Baldeitus · first_building Monastery |
| 27:19 | Baldeitus · wall_segment Palisade Wall x1 |
| 28:42 | Baldeitus · first_market_sell 100 wood |
| 29:15 | Baldeitus · wall_segment Palisade Wall x5 |
| 33:49 | Baldeitus · first_building Castle |
| 34:02 | se7e · first_building Castle |
| 34:31 | Baldeitus · wall_segment Palisade Wall x1 |
| 34:56 | Baldeitus · wall_segment Palisade Wall x1 |
| 35:36 | se7e · first_building Siege Workshop |
| 40:17 | Baldeitus · first_building Siege Workshop |
| 40:59 | se7e · age_up imperial |
| 43:47 | Baldeitus · resign |
[ AI ANALYSIS · 1 CREDIT ]
What really happened in this match?
Wolo.gg analyzes every decision: build order, eco, micro, common mistakes by bracket. Personalized analysis on WhatsApp or Discord in 30 seconds.
Civ guide
Koreans
Perfil
Jugador #1249720